 Dungeon Crawl Stone Soup version 0.31-a0-986-g5e6e4ef867 (webtiles) character file.

Game seed: 2053368790304854341

3392 jlumianski the Grappler (level 10, -10/72 (76) HPs)
             Began as a Gnoll Shapeshifter on Nov 20, 2023.
             Was a Priest of Okawaru.
             Mangled by a wyvern (16 damage)
             ... on level 6 of the Dungeon.
             The game lasted 00:28:02 (6500 turns).

jlumianski the Grappler (Gnoll Shapeshifter)        Turns: 6500, Time: 00:28:03

HP:   -10/72 (76)   AC:  5    Str: 17    XL:     10   Next: 4%
MP:   17/17         EV: 14    Int: 17    God:    Okawaru [***...]
Gold: 233           SH:  0    Dex: 11    Spells: 7/18 levels left

rFire   + .          .
                       - Unarmed
rCold   . . .        (no shield)
rNeg    . . .        D - +2 leather armour {rF+}
rPois   +            (helmet currently unavailable)
rElec   .            (cloak currently unavailable)
rCorr   .            (gloves currently unavailable)
SInv    .            (boots currently unavailable)
Will    .....        (no amulet)
Stlth   ++           J - +6 ring of intelligence
HPRegen 0.32/turn    F - ring of poison resistance
MPRegen 0.15/turn

%: no passive effects
@: beast-form, studying Throwing, drained
A: beast (slay +4), fangs 1, strong nose, distributed training
a: Begin Untransformation, Renounce Religion, Heroism


You were on level 6 of the Dungeon.
You worshipped Okawaru.
Okawaru was most pleased with you.
You were a hulking beast.
You visited 2 branches of the dungeon, and saw 8 of its levels.

You collected 233 gold pieces.

Inventory:

Hand Weapons
 e - a +0 heavy quarterstaff
 r - a +0 rapier
 B - a +2 heavy spear
 C - a +1 whip of freezing
 L - a +0 short sword of venom
Missiles
 b - 2 javelins (quivered)
 s - 3 boomerangs
Armour
 a - a +0 animal skin
 k - a +0 pair of gloves
 t - a +1 plate armour
 u - a +0 ring mail
 D - a +2 leather armour of fire resistance (worn)
 E - a scarf of shadows
Magical Staves
 p - a staff of death
Jewellery
 A - a ring of willpower
 F - a ring of poison resistance (right hand)
 J - a +6 ring of intelligence (left hand)
Talismans
 c - a beast talisman
 d - a flux talisman
 y - a talisman of death
Scrolls
 f - 8 scrolls of teleportation
 g - 4 scrolls of enchant armour
 j - 3 scrolls of immolation
 l - a scroll of vulnerability
 m - 2 scrolls of revelation
 n - 2 scrolls of fog {unknown}
 z - a scroll of enchant weapon {unknown}
 H - a scroll of brand weapon {unknown}
 I - a scroll of blinking {unknown}
 K - 2 scrolls of poison {unknown}
Potions
 h - 3 potions of might
 i - a potion of attraction
 o - a potion of haste
 q - a potion of mutation {unknown}
 v - 3 potions of heal wounds
 w - 4 potions of curing
 x - a potion of cancellation {unknown}
 G - a potion of resistance {unknown}


   Skills:
 + Level 5.6 Fighting
 + Level 4.9 Short Blades
 + Level 4.9 Long Blades
 + Level 4.9 Axes
 + Level 4.9 Maces & Flails
 + Level 4.9 Polearms
 + Level 4.9 Staves
 + Level 4.9 Ranged Weapons
 + Level 5.1 Throwing
 + Level 4.9 Armour
 + Level 6.8 Dodging
 + Level 4.9 Stealth
 + Level 4.9 Shields
 + Level 8.3 Unarmed Combat
 + Level 4.9 Spellcasting
 + Level 4.1 Conjurations
 + Level 4.1 Hexes
 + Level 4.1 Summonings
 + Level 4.1 Necromancy
 + Level 4.1 Translocations
 + Level 4.1 Transmutations
 + Level 4.1 Fire Magic
 + Level 4.1 Ice Magic
 + Level 4.1 Air Magic
 + Level 4.1 Earth Magic
 + Level 4.1 Poison Magic
 + Level 5.4 Invocations
 + Level 4.9 Evocations
 + Level 8.0 Shapeshifting


You had 7 spell levels left.
You knew the following spells:

 Your Spells              Type           Power      Damage    Failure   Level
a - Sandblast             Erth           36%        2d10      3%          1
b - Cigotuvi's Dreadful   Necr/Pois/Air  36%        N/A       4%          2
c - Stone Arrow           Conj/Erth      36%        3d9       10%         3
d - Passwall              Tmut/Erth      15%        N/A       4%          2
e - Volatile Blastmotes   Fire/Tloc      36%        2d13      10%         3

Your spell library contained the following spells:

 Spells                   Type           Power      Damage    Failure   Level
 Dazzling Flash           Conj/Hex       36%        N/A       10%         3
 Brom's Barrelling Bould  Conj/Erth      18%        2d4       30%         4
 Dispel Undead            Necr           18%        3d11      30%         4
 Starburst                Conj/Fire      9%         6d5       99%         6
 Maxwell's Capacitive Co  Air            9%         ∞         100%        8
 Death Channel            Necr           Unusable   N/A       N/A         6

Dungeon Overview and Level Annotations

Branches:
Dungeon (7/15)             Temple (1/1) D:4

Altars:
Elyvilon
Fedhas
Gozag
Kikubaaqudgha
Makhleb
Nemelex Xobeh
Okawaru
Qazlal
Ru
Trog
Uskayaw
Vehumet
Wu Jian
Xom
Yredelemnul
Zin
The Shining One


Innate Abilities, Weirdness & Mutations

You are a hulking beast.
Your limbs bulge with bestial killing power. (Slay +4)
You have very sharp teeth.
Your uncanny sense of smell can sniff out nearby items.
Your experience applies equally to all skills.


Message History

The orc priest invokes the aid of Beogh against you.
You struggle to resist.
There is a stone staircase leading up here.
The orc priest looks satisfied for a moment.
The wyvern bites you!
The wyvern bites you but does no damage.
You climb upwards.
There is a stone staircase leading down here.
You hit the wyvern.
The wyvern is moderately wounded.
The wyvern bites you.
You hit the wyvern.
The wyvern is moderately wounded.
The wyvern bites you.
You barely miss the wyvern.
The wyvern is moderately wounded.
The wyvern bites you but does no damage.
You barely miss the wyvern. Your bite misses the wyvern.
The wyvern is moderately wounded.
The wyvern bites you. The wyvern bites you!
* * * LOW HITPOINT WARNING * * *
You barely miss the wyvern.
The wyvern is moderately wounded.
The wyvern misses you.
You punch the wyvern!
The wyvern is almost dead.
You hear a howl!
The wyvern misses you.
You closely miss the wyvern. You bite the wyvern, but do no damage.
The wyvern is severely wounded.
The wyvern bites you!
* * * LOW HITPOINT WARNING * * *
A howler monkey comes into view.
You closely miss the wyvern. You bite the wyvern, but do no damage.
The wyvern is severely wounded.
The wyvern closely misses you. x2
You closely miss the wyvern. You bite the wyvern, but do no damage.
The wyvern is severely wounded.
The wyvern bites you!
You die...

##.## ..
.## ##
#### #h.
#l# #h#
### #.# ..
#.# .##
#.###..
#.##.# #
#....# .#
####.###.#
##...#
##.## ##


You could see a wyvern and a howler monkey.

Vanquished Creatures
  Pikel (D:4)
  Sigmund (D:4)
  A shadow (D:6)
  3 yaks
  Menkaure (D:5)
  Edmund (D:4)
  2 water moccasins (D:5)
  A black bear (D:6)
  A centaur (D:5)
  2 ogres
  A lemure (D:4)
  A phantom (D:4)
  A bullfrog (D:7)
  10 wights
  5 hounds
  An orc priest (D:5)
  3 jellies
  2 orc wizards
  2 sleepcaps
  4 iguanas
  3 gnolls (D:3)
  9 adders
  4 white imps
  2 ufetubi (D:5)
  2 worms
  3 dart slugs
  21 orcs
  8 endoplasms
  6 giant cockroaches
  6 goblins
  8 hobgoblins
  3 quokkas
  7 ball pythons
  7 bats
  3 frilled lizards
  9 kobolds
  5 rats
150 creatures vanquished.

Notes
Turn   | Place    | Note
-------+----------+-------------------------------------------
     0 | D:1      | jlumianski the Gnoll Shapeshifter began the quest for the
                  | Orb.
     0 | D:1      | Reached XP level 1. HP: 17/17 MP: 1/1
    44 | D:1      | Reached XP level 2. HP: 23/23 MP: 2/2
   264 | D:1      | Reached XP level 3. HP: 26/28 MP: 3/3
   334 | D:1      | Found a faded altar of an unknown god.
   787 | D:3      | Reached skill level 1 in Invocations
   860 | D:3      | Noticed an ogre
  1107 | D:3      | Reached skill level 1 in Short Blades
  1107 | D:3      | Reached skill level 1 in Long Blades
  1107 | D:3      | Reached skill level 1 in Axes
  1107 | D:3      | Reached skill level 1 in Maces & Flails
  1107 | D:3      | Reached skill level 1 in Polearms
  1107 | D:3      | Reached skill level 1 in Staves
  1107 | D:3      | Reached skill level 1 in Ranged Weapons
  1107 | D:3      | Reached skill level 1 in Throwing
  1107 | D:3      | Reached skill level 1 in Armour
  1107 | D:3      | Reached skill level 1 in Stealth
  1107 | D:3      | Reached skill level 1 in Shields
  1107 | D:3      | Reached skill level 1 in Spellcasting
  1107 | D:3      | Reached skill level 1 in Evocations
  1182 | D:3      | Reached XP level 4. HP: 34/34 MP: 5/5
  1228 | D:2      | Reached skill level 1 in Conjurations
  1228 | D:2      | Reached skill level 1 in Hexes
  1228 | D:2      | Reached skill level 1 in Summonings
  1228 | D:2      | Reached skill level 1 in Necromancy
  1228 | D:2      | Reached skill level 1 in Translocations
  1228 | D:2      | Reached skill level 1 in Transmutations
  1228 | D:2      | Reached skill level 1 in Fire Magic
  1228 | D:2      | Reached skill level 1 in Ice Magic
  1228 | D:2      | Reached skill level 1 in Air Magic
  1228 | D:2      | Reached skill level 1 in Earth Magic
  1228 | D:2      | Reached skill level 1 in Poison Magic
  1375 | D:2      | Reached XP level 5. HP: 34/40 MP: 6/6
  2133 | D:4      | Found a staircase to the Ecumenical Temple.
  2172 | Temple   | Entered the Ecumenical Temple
  2300 | Temple   | Became a worshipper of Warmaster Okawaru
  2561 | D:3      | Killed an ogre
  2562 | D:3      | Reached XP level 6. HP: 47/47 MP: 8/8
  2932 | D:4      | Reached skill level 5 in Dodging
  3008 | D:5      | Entered Level 5 of the Dungeon
  3025 | D:5      | Noticed Menkaure
  3075 | D:4      | Found a white marble altar of Elyvilon.
  3081 | D:4      | Found a basalt altar of Yredelemnul.
  3084 | D:4      | Found an ancient bone altar of Kikubaaqudgha.
  3284 | D:4      | Reached XP level 7. HP: 24/52 MP: 10/10
  3467 | D:4      | Noticed Pikel
  3485 | D:4      | Killed Pikel
  3485 | D:4      | Reached * piety under Okawaru
  3486 | D:4      | Reached XP level 8. HP: 29/60 MP: 10/12
  3602 | D:4      | Noticed Edmund
  3616 | D:4      | Killed Edmund
  3616 | D:4      | Reached ** piety under Okawaru
  3751 | D:4      | Learned a level 1 spell: Sandblast
  3761 | D:4      | Noticed Sigmund
  3768 | D:4      | Killed Sigmund
  3926 | D:4      | Noticed a yak
  3934 | D:4      | Noticed a yak
  3934 | D:4      | Noticed a yak
  3958 | D:3      | Killed a yak
  4027 | D:4      | Killed a yak
  4031 | D:4      | Killed a yak
  4124 | D:5      | Killed Menkaure
  4125 | D:5      | Reached XP level 9. HP: 29/66 MP: 11/14
  4128 | D:5      | Learned a level 2 spell: Cigotuvi's Dreadful Rot
  4132 | D:5      | Learned a level 3 spell: Stone Arrow
  4135 | D:5      | Learned a level 2 spell: Passwall
  4477 | D:5      | Reached *** piety under Okawaru
  4508 | D:5      | Reached skill level 5 in Fighting
  5509 | D:6      | Found a blossoming altar of Fedhas.
  5660 | D:6      | Reached skill level 5 in Invocations
  5997 | D:6      | Learned a level 3 spell: Volatile Blastmotes
  6230 | D:5      | Reached skill level 5 in Throwing
  6241 | D:5      | Reached XP level 10. HP: 69/75 MP: 14/17
  6500 | D:6      | Mangled by a wyvern

Illustrated notes

Levels and vault maps discovered:
D:1:      dpeg_arrival_rooms_a, layout_basic,
          hellmonk_ecumenical_altar_leap_of_faith, chequers_garden,
          minmay_circled_x
D:2:      layout_basic
D:3:      layout_loops_ring, grunt_decor_cap
D:4:      layout_loops_cross, minitemple, minmay_temple_entry_statues_fountains,
          sigmund_edmund_badplayer, uniq_pikel
D:5:      layout_basic, minmay_bent, uniq_menkaure
D:6:      layout_loops_corners, fedhas_altar_2, minmay_misc_feat_ornament,
          minmay_manual_mess
D:7:      layout_basic, mainiacjoe_overflow_swirl, minmay_misc_feat_pillars
Temple:   nicolae_temple_god_jail

Skill      XL: |  1  2  3  4  5  6  7  8  9 |
---------------+----------------------------+-----
Invocations    | 1 2 3 4 5 |  5.4
Short Blades   | 1 2 3 4 |  4.9
Long Blades    | 1 2 3 4 |  4.9
Axes           | 1 2 3 4 |  4.9
Maces & Flails | 1 2 3 4 |  4.9
Polearms       | 1 2 3 4 |  4.9
Staves         | 1 2 3 4 |  4.9
Ranged Weapons | 1 2 3 4 |  4.9
Throwing       | 1 2 3 5 |  5.1
Armour         | 1 2 3 4 |  4.9
Stealth        | 1 2 3 4 |  4.9
Shields        | 1 2 3 4 |  4.9
Spellcasting   | 1 2 3 4 |  4.9
Evocations     | 1 2 3 4 |  4.9
Conjurations   | 1 2 3 4 |  4.1
Hexes          | 1 2 3 4 |  4.1
Summonings     | 1 2 3 4 |  4.1
Necromancy     | 1 2 3 4 |  4.1
Translocations | 1 2 3 4 |  4.1
Transmutations | 1 2 3 4 |  4.1
Fire Magic     | 1 2 3 4 |  4.1
Ice Magic      | 1 2 3 4 |  4.1
Air Magic      | 1 2 3 4 |  4.1
Earth Magic    | 1 2 3 4 |  4.1
Poison Magic   | 1 2 3 4 |  4.1
Fighting       | 3 4 5 |  5.6
Dodging        | 5 6 |  6.8
Unarmed Combat | 7 8 |  8.3
Shapeshifting  | 7 8 |  8.0

Action                     |  1- 3 |  4- 6 |  7- 9 | 10-12 || total
---------------------------+-------+-------+-------+-------++-------
  Melee: Unarmed           |    67 |   121 |   182 |    19 ||   389
         Bite              |     4 |    14 |    20 |     4 ||    42
         Punch             |     2 |     4 |    12 |     1 ||    19
  Throw: Boomerang         |       |     3 |     5 |       ||     8
         Javelin           |       |       |     4 |       ||     4
   Cast: Sandblast         |       |       |    10 |     3 ||    13
         Cigotuvi's Dreadf |       |       |     2 |       ||     2
         Volatile Blastmot |       |       |     1 |       ||     1
         Stone Arrow       |       |       |       |     1 ||     1
 Invoke: Heroism           |       |       |     3 |       ||     3
    Use: Scroll            |     2 |       |     4 |       ||     6
         Potion            |       |     4 |     3 |       ||     7
   Stab: Sleeping          |       |       |     4 |       ||     4
 Armour: Animal skin       |    19 |       |       |       ||    19
         Plate armour      |     7 |   109 |    17 |       ||   133
         Skin              |       |     7 |       |       ||     7
         Leather armour    |       |       |    78 |    15 ||    93
  Dodge: Dodged            |    32 |    29 |    92 |    10 ||   163

Table legend: (Time is in decaauts)
 A = Elapsed time spent in this place.
 B = Non-inter-level travel time spent in this place.
 C = Inter-level travel time spent in this place.
 D = Time resting spent in this place.
 E = Time spent auto-exploring this place.
 F = Levels seen in this place.
 G = Mean time per level.
                   A        B        C        D        E       F      G
               +--------+--------+--------+--------+--------+-----+--------+
         Total |   6456 |   6313 |    143 |   1053 |   2516 |   8 |  807.0 |
       Dungeon |   6308 |   6165 |    143 |   1053 |   2516 |   7 |  901.1 |
        Temple |    147 |    147 |      0 |      0 |      0 |   1 |  147.0 |
               +--------+--------+--------+--------+--------+-----+--------+

Top non-repeatable levels by time:
     D:5: 1458 daAuts
     D:4: 1331 daAuts
     D:3: 1016 daAuts
     D:2: 939 daAuts
     D:6: 833 daAuts
     D:1: 636 daAuts
  Temple: 147 daAuts
     D:7: 94 daAuts
